 Dungeon Crawl Stone Soup version 0.25.1-2-g60ff931df9 (webtiles) character file.

Game seed: 15080928458593472002

4426 GameOver the Tainter (level 10, -2/75 HPs)
             Began as a Naga Wizard on Sept 22, 2020.
             Was a Believer of Okawaru.
             Killed from afar by Maggie (15 damage)
             ... with a bolt of fire
             ... on level 8 of the Dungeon on Sept 23, 2020.
             The game lasted 00:45:55 (6368 turns).

GameOver the Tainter (Naga Wizard)                  Turns: 6368, Time: 00:45:56

Health: -2/75      AC: 12    Str: 15    XL:     10   Next: 36%
Magic:  0/17       EV:  6    Int: 23    God:    Okawaru [**....]
Gold:   477        SH:  0    Dex:  9    Spells: 5/18 levels left

rFire    . . .     SeeInvis +   w - +4 quarterstaff (chaos)
rCold    + . .     Gourm    .   (shield currently unavailable)
rNeg     . . .     Faith    .   a - +2 leather armour {rC+}
rPois    +         Spirit   .   b - +0 helmet
rElec    .         Reflect  .   D - +2 cloak {rCorr}
rCorr    +         Harm     .   (no gloves)
MR       +....                  (no barding)
Stlth    +++++.....             m - amulet of regeneration
HPRegen  0.62/turn              q - +6 ring of strength
MPRegen  0.15/turn              (no ring)

@: heroism, flying, held, lightly drained, very slow
A: large, see invisible, deformed body, poison resistance, slowness 2, slow
metabolism 1, spit poison 1, AC +3
a: Spit Poison, Heroism, Renounce Religion


You were on level 8 of the Dungeon.
You worshipped Okawaru.
Okawaru was pleased with you.
You were hungry.

You visited 2 branches of the dungeon, and saw 9 of its levels.
You also visited: Sewer.

You collected 477 gold pieces.

Inventory:

Hand Weapons
 j - a cursed +0 quarterstaff
 s - a +0 vorpal trident
 w - a +4 quarterstaff of chaos (weapon)
Missiles
 l - a throwing net (quivered)
Armour
 a - a +2 leather armour of cold resistance (worn)
 b - a +0 helmet (worn)
 k - a +1 ring mail of magic resistance
 p - a +1 robe of fire resistance
 D - a +2 cloak of preservation (worn)
Jewellery
 m - an amulet of regeneration (around neck)
 q - a +6 ring of strength (left hand)
Wands
 c - a wand of polymorph (4)
 t - a wand of paralysis (6)
 F - a wand of disintegration (11)
Scrolls
 n - a scroll of immolation
 u - 2 scrolls of enchant weapon
 y - 2 scrolls of fog
 z - a scroll of blinking
 A - a scroll of magic mapping {unknown}
 C - 2 scrolls of amnesia
 H - 2 scrolls of teleportation {unknown}
Potions
 e - a potion of lignification
 f - 3 potions of curing
 i - a potion of brilliance {unknown}
 o - 5 potions of flight
 v - a potion of magic {unknown}
 x - 3 potions of haste
 B - 3 potions of heal wounds {unknown}
 E - a potion of ambrosia {unknown}
 G - a potion of cancellation {unknown}
Comestibles
 d - 21 rations


   Skills:
 + Level 6.4(11.3) Staves
 * Level 4.1(9.1) Armour
 - Level 1.5(6.5) Dodging
 - Level 9.0(13.9) Stealth
 + Level 4.6 Spellcasting
 - Level 6.0(5.9) Conjurations
 + Level 1.1(1.0) Summonings
 - Level 3.0(2.9) Translocations
 - Level 3.0(2.9) Fire Magic
 * Level 0.4(0.3) Air Magic
 - Level 9.0(8.9) Poison Magic


You had 5 spell levels left.
You knew the following spells:

 Your Spells              Type           Power        Failure   Level  Hunger
a - Magic Dart            Conj           ####         1%          1    None
b - Blink                 Tloc           N/A          5%          2    None
d - Mephitic Cloud        Conj/Pois/Air  ####....     4%          3    ##.....
f - Conjure Flame         Conj/Fire      ####....     5%          3    ##.....
q - Summon Lightning Spi  Summ/Air       #.......     65%         4    ####...

Your spell library contained the following spells:

 Spells                   Type           Power        Failure   Level  Hunger
 Summon Small Mammal      Summ           ##..         8%          1    None
 Call Imp                 Summ           ##......     12%         2    None
 Slow                     Hex            #.......     19%         2    None
 Call Canine Familiar     Summ           ##......     22%         3    ##.....
 Summon Guardian Golem    Hex/Summ       #.......     28%         3    ##.....
 Summon Ice Beast         Ice/Summ       #.......     67%         4    ####...


Dungeon Overview and Level Annotations

Branches:
Dungeon (8/15)             Temple (1/1) D:7           Sewer (visited)
   Lair: D:8-11

Altars:
Ashenzari
Cheibriados
Fedhas
Hepliaklqana
Kikubaaqudgha
Makhleb
Nemelex Xobeh
Okawaru
Qazlal
Ru
Sif Muna
Trog
Uskayaw
Xom
Yredelemnul
Zin
The Shining One

Annotations:
D:3 3 runed translucent doors, Gaxx's ghost, amateur DsGl; chimenez's ghost, weakling TrWn; haesbaert's ghost, weakling DrWz; tensugalgo's ghost, amateur OgHu
D:8 Harold; Maggie; Maurice


Innate Abilities, Weirdness & Mutations

You cannot wear boots.
Your serpentine skin is tough. (AC +3)
You have supernaturally acute eyesight. (SInv)
Armour fits poorly on your strangely shaped body.
Your system is resistant to poisons. (rPois)
You cover ground very slowly.
You have a slow metabolism.
You can spit poison.


Message History

You struggle against the net.
The hound zombie bites you but does no damage.
Harold fires a harpoon shot at you.
The harpoon shot hits you but does no damage.
Maggie points at you and mumbles some strange words.
The bolt of fire hits Maurice!!
The bolt of fire hits you!
* * * LOW HITPOINT WARNING * * *
The hound zombie bites you but does no damage.
Maurice hits you but does no damage.
Casting: Mephitic Cloud (dangerous; 4% risk of failure)
Confirm with . or Enter, or press ? or * to list all spells.
You blink.
Harold throws a throwing net.
The throwing net hits you.
You become entangled in the net!
Maggie hits you with a +0 glaive!
* * * LOW HITPOINT WARNING * * *
Maurice mumbles some strange words.
Maurice looks slightly unstable.
You feel better.
Harold zaps a wand.
You resist with almost no effort. Maggie casts a spell at you.
The bolt of fire hits you!
You die...

..≈≈≈≈≈ ....≈≈≈
....... .......
.......#####+####
...†.....>...(##
#.######.#.#§.#
#.....#..Z@@#.#
#.@.#....@.:..#
#........#....#
#........#....#
#....<.........#
###..#....####..@..
#........## .....
#....#...... ..#...
######..###.......
....
#...##.............


You could see Harold, Maurice (invisible), Maggie and a hound zombie.

Vanquished Creatures
  Pikel (D:6)
  Joseph (D:7)
  A troll (D:6)
  A hornet (D:8)
  Prince Ribbit (D:6)
  A spriggan (D:7)
  Eustachio (D:6)
  A hog (shapeshifter) (D:6)
  A hungry ghost (D:7)
  An orc warrior (D:6)
  An ice beast (D:7)
  2 sky beasts
  A phantom (D:6)
  3 ogres
  2 centaurs
  A big kobold (Sewer)
  5 bullfrogs
  Blork the orc (D:5)
  A water moccasin skeleton (D:5)
  3 wights (D:8)
  4 killer bees (D:7)
  2 howler monkeys
  A crimson imp (D:8)
  A bullfrog zombie (D:6)
  A centaur zombie (D:8)
  A centaur skeleton (D:5)
  4 hounds
  A bullfrog skeleton (D:7)
  Crazy Yiuf (D:5)
  A gnoll shaman (D:6)
  Terence (D:3)
  3 iguanas
  3 orc wizards
  3 worker ants
  A killer bee zombie (D:6)
  A hound skeleton (D:5)
  7 adders
  3 gnolls (D:6)
  2 shadow imps
  2 oozes
  2 worms
  A dart slug (D:2)
  9 leopard geckos
  14 orcs
  8 giant cockroaches
  11 goblins
  7 hobgoblins
  14 jackals
  8 quokkas
  11 bats
  5 frilled lizards
  A giant cockroach zombie (D:2)
  11 kobolds
  A quokka skeleton (D:4)
  10 rats
186 creatures vanquished.

Vanquished Creatures (others)
  A slave (D:6)
  A scorpion (D:6)
2 creatures vanquished.

Grand Total: 188 creatures vanquished

Notes
Turn   | Place    | Note
-------+----------+-------------------------------------------
     0 | D:1      | GameOver the Naga Wizard began the quest for the Orb.
     0 | D:1      | Reached XP level 1. HP: 15/15 MP: 4/4
   157 | D:1      | Reached XP level 2. HP: 14/22 MP: 3/6
   951 | D:2      | Reached XP level 3. HP: 28/28 MP: 5/7
   955 | D:2      | Learned a level 2 spell: Blink
   959 | D:2      | Learned a level 3 spell: Mephitic Cloud
  1038 | D:2      | Found a burning altar of Makhleb.
  1198 | D:2      | Reached XP level 4. HP: 30/36 MP: 3/8
  1317 | D:2      | Found a faded altar of an unknown god.
  1690 | D:3      | Noticed Terence
  1700 | D:3      | Killed Terence
  1700 | D:3      | Reached skill level 1 in Poison Magic
  1715 | D:3      | Reached XP level 5. HP: 42/42 MP: 3/9
  1848 | D:3      | Learned a level 3 spell: Conjure Flame
  2060 | D:3      | Noticed an ogre
  2073 | D:3      | Killed an ogre
  2073 | D:3      | Reached skill level 5 in Conjurations
  2073 | D:3      | Reached XP level 6. HP: 49/49 MP: 2/10
  2128 | D:3      | Noticed tensugalgo's ghost (amateur OgHu)
  2129 | D:3      | Found a runed translucent gate.
  2130 | D:3      | Found a runed translucent gate.
  2130 | D:3      | Found a runed translucent gate.
  2130 | D:3      | Noticed haesbaert's ghost (weakling DrWz)
  2130 | D:3      | Noticed Gaxx's ghost (amateur DsGl)
  2130 | D:3      | Noticed chimenez's ghost (weakling TrWn)
  3398 | D:5      | Entered Level 5 of the Dungeon
  3438 | D:5      | Noticed Blork the orc
  3447 | D:5      | Killed Blork the orc
  3539 | D:5      | Reached XP level 7. HP: 35/55 MP: 4/11
  3548 | D:5      | Reached skill level 5 in Poison Magic
  3909 | D:5      | Found a runed translucent door.
  3910 | D:5      | Noticed Crazy Yiuf
  3953 | D:5      | Killed Crazy Yiuf
  3999 | D:5      | Reached skill level 1 in Fire Magic
  4054 | D:5      | Found a sparkling altar of Nemelex Xobeh.
  4180 | D:6      | Reached XP level 8. HP: 55/62 MP: 6/12
  4215 | D:6      | Reached skill level 1 in Staves
  4219 | D:6      | Noticed a troll
  4237 | D:6      | Killed a troll
  4243 | D:6      | Reached skill level 5 in Stealth
  4274 | D:6      | Found a stormy altar of Qazlal.
  4312 | D:6      | Noticed a shapeshifter
  4312 | D:6      | a jackal changed into a shapeshifter
  4312 | D:6      | a shapeshifter changed into a hog
  4366 | D:6      | Noticed Pikel
  4384 | D:6      | Killed Pikel
  4384 | D:6      | Reached XP level 9. HP: 24/68 MP: 1/13
  4402 | D:6      | Found a glowing drain.
  4415 | Sewer    | Entered a sewer
  4494 | Sewer    | Found a glowing silver altar of Zin.
  4651 | D:6      | Noticed Prince Ribbit
  4660 | D:6      | Killed Prince Ribbit
  5088 | D:6      | Noticed Eustachio
  5113 | D:6      | Killed Eustachio
  5113 | D:6      | Reached skill level 5 in Staves
  5313 | D:7      | Found a staircase to the Ecumenical Temple.
  5337 | Temple   | Entered the Ecumenical Temple
  5370 | Temple   | Became a worshipper of Warmaster Okawaru
  5440 | D:7      | Reached skill level 1 in Armour
  5552 | D:7      | Noticed Joseph
  5565 | D:7      | Killed Joseph
  5567 | D:7      | Reached * piety under Okawaru
  5615 | D:7      | Reached XP level 10. HP: 75/75 MP: 5/16
  6093 | D:8      | Found a burning altar of Makhleb.
  6227 | D:8      | Learned a level 4 spell: Summon Lightning Spire
  6294 | D:8      | Noticed Maggie
  6310 | D:8      | Noticed Harold
  6325 | D:8      | Reached ** piety under Okawaru
  6350 | D:8      | Noticed Maurice
  6368 | D:8      | Killed from afar by Maggie

Illustrated notes

Levels and vault maps discovered:
D:1:      lemuel_arrival_river_ford, layout_loops_corners
D:2:      layout_loops_ring, old_standard_altar,
          chequers_ecumenical_altar_simple_redux, minmay_between
D:3:      layout_loops_cross, gammafunk_ghost_cemetery, kennysheep_nondescript,
          minmay_vboxes, uniq_terence
D:4:      layout_loops_corners, first_ration
D:5:      layout_gridville, nemelex_lonely_heart_becter, uniq_blork_the_orc,
          uniq_crazy_yiuf_cottage
D:6:      hangedman_cross_stitches, layout_basic, gup_sewer_entry_pipe,
          nicolae_qazlal_eye_of_the_storm, uniq_prince_ribbit1, uniq_eustachio,
          uniq_pikel
D:7:      layout_rooms, minmay_temple_entry_trees, interstate_on_off,
          the_bakery, minmay_chambers_of_fives, uniq_joseph
D:8:      layout_basic, bloody_makhleb, uniq_harold, uniq_maggie, uniq_maurice
Temple:   nicolae_temple_the_god_donut

Skill      XL: |  1  2  3  4  5  6  7  8  9 10 |
---------------+-------------------------------+-----
Conjurations   | 2 3 4 5 6 |  6.0
Poison Magic   | 1 2 4 6 9 |  9.0
Fire Magic     | 1 3 |  3.0
Translocations | 2 3 |  3.0
Staves         | 3 5 6 |  6.4
Stealth        | 6 9 |  9.0
Armour         | 2 4 |  4.1
Spellcasting   | 4 |  4.6
Dodging        | |  1.5
Summonings     | |  1.1
Air Magic      | |  0.4

Action                   |  1- 3 |  4- 6 |  7- 9 | 10-12 || total
-------------------------+-------+-------+-------+-------++-------
Melee: Dagger            |     1 |       |       |       ||     1
       Spear             |    13 |     7 |       |       ||    20
       Trident           |       |    58 |    51 |    28 ||   137
       Quarterstaff      |       |       |   107 |    71 ||   178
 Cast: Magic Dart        |    39 |    55 |    48 |    30 ||   172
       Mephitic Cloud    |       |     8 |    19 |     8 ||    35
       Blink             |       |       |     2 |     3 ||     5
       Conjure Flame     |       |       |     3 |     8 ||    11
Invok: Heroism           |       |       |       |     1 ||     1
 Abil: Spit Poison       |    35 |    50 |    53 |    21 ||   159
Evoke: Wand              |       |       |       |     1 ||     1
  Use: Potion            |       |     1 |       |     2 ||     3
       Scroll            |       |       |     7 |     6 ||    13
 Stab: Sleeping          |     1 |       |       |       ||     1
       Confused          |       |       |     4 |     3 ||     7
       Paralysed         |       |       |       |     2 ||     2
       Petrifying        |       |       |       |     1 ||     1
  Eat: Chunk             |     2 |     9 |    10 |     3 ||    24
       Ration            |       |       |     1 |       ||     1
Armor: Robe              |    13 |    15 |    42 |       ||    70
       Leather armour    |       |       |     7 |    35 ||    42
Dodge: Dodged            |    25 |    49 |    83 |    35 ||   192
